Description

Hellion to banshee pressure. Late expand so damage is required to stabilize into macro. Should be able to end once Cyclones start coming out.

Replay - Dusty Gorge (TvZ) Hellion to banshee [win]

Build Order

Get SALT Encoding   

  12  0:01  SCV  
  13  0:13  SCV  
  14  0:18  Supply Depot  
  14  0:28  SCV  
  15  0:30  Refinery  
  15  0:43  Barracks  
  15  0:46  SCV  
  16  0:58  SCV  
  17  1:05  Refinery  
  17  1:10  SCV  
  18  1:22  SCV  
  19  1:32  Factory  
  19  1:40  Orbital Command  
  19  1:50  Barracks Reactor  
  19  1:55  Supply Depot  
  19  2:05  SCV  
  20  2:21  Starport  
  20  2:31  SCV  
  20  2:34  Supply Depot  
  20  2:36  Barracks Tech Lab  
  21  2:41  Hellion  
  21  2:43  SCV  
  26  2:51  Hellion  
  27  3:05  Hellion  
  29  3:08  Banshee  
  32  3:13  Cloaking Field  
  32  3:22  Hellion  
  34  3:27  Hellion  
  36  3:36  Supply Depot  
  36  3:44  Hellion  
  39  3:57  Banshee  
  32  4:40  Banshee  
  33  4:51  Hellion x2  
  38  4:56  Command Center  
  40  5:37  Banshee  
  40  5:38  Hellion x2  
  44  5:52  Armory x2  
  44  5:54  Engineering Bay  
  44  5:59  Supply Depot  
  49  6:46  Banshee  
  41  7:29  Banshee  
  48  7:30  Terran Vehicle Weapons Level 1, Terran Vehicle And Ship Armor Level 1  
  48  7:31  Orbital Command  
  55  8:12  Banshee  
  62  8:54  Banshee  
  58  9:05  Refinery x2  
  58  9:06  Missile Turret x2  
  61  9:31  Terran Vehicle Weapons Level 2  
  66  9:32  Terran Ship Weapons Level 1  
  66  9:33  Command Center  
  66  9:37  Banshee  
  71  9:39  Fusion Core  
  71  9:52  Cyclone  
Spawning Tool Build Advisor. Get it on Overwolf

Go to:

Details

  • Created by: silverhorn  
  • Published on: Jul 16, 2018
  • Modified on: Jul 30, 2018
  • Patch: 4.0.0
Show
View Real Time Build Order
Export as new Build Order

Comments (2)

On Dec. 3, 2018, 2:37 p.m., silverhorn  said:

Glad to hear it!!! I’m still working out how the new patch is affecting all my builds, but when I do i’ll Update this one.

On Dec. 3, 2018, 10:28 a.m., Blackup  said:

Was able to go from hard difficulty to elite computers with this build.

Create an account to comment!